 Dungeon Crawl Stone Soup version 0.19.0-2-gae57169 (webtiles) character file.

57628 Peloso the Carver (level 14, -6/125 HPs)
             Began as a Ghoul Fighter on Nov 4, 2016.
             Was a High Priest of Okawaru.
             Mangled by a six-headed hydra (11 damage)
             ... on level 6 of the Lair of Beasts.
             The game lasted 01:15:01 (22631 turns).

Peloso the Carver (Ghoul Fighter)                  Turns: 22631, Time: 01:15:01

Health: -6/125     AC: 20    Str: 25    XL:     14   Next: 87%
Magic:  25/25      EV: 11    Int:  6    God:    Okawaru [*****.]
Gold:   1271       SH: 18    Dex: 12    Spells: 0 memorised, 13 levels left

rFire  . . .     SeeInvis .     t - +1 whip (flame)
rCold  + + .     Gourm    .     n - +1 chain mail of Qineluowk {MR+ Str+4}
rNeg   + + +     Faith    .     c - +0 shield
rPois  ∞         Spirit   .     N - +2 hat {Int+3}
rElec  .         Reflect  +     C - +2 cloak
rCorr  .         Harm     .     j - +1 pair of gloves
MR     ++...                    (no boots)
Stlth  ..........               D - +5 amulet of reflection
                                B - ring of protection from cold
                                U - ring of magical power

@: rotting
A: rotting body, claws 1, carnivore 3, cold resistance 1, negative energy
resistance 3, slow regeneration 1, torment resistance, unbreathing
a: Heroism, Finesse, Renounce Religion


You were on level 6 of the Lair of Beasts.
You worshipped Okawaru.
Okawaru was extremely pleased with you.
You were not hungry.

You visited 3 branches of the dungeon, and saw 18 of its levels.

You collected 1271 gold pieces.

Inventory:

Hand Weapons
 d - a +5 long sword of draining
 t - a +1 whip of flaming (weapon)
 y - the +8 trident "Gram" {pierce, Int+3}
   (You found it on level 9 of the Dungeon)

   It inflicts extra damage upon your enemies.
   It affects your intelligence (+3).
 L - the +8 short sword "Fovi" {drain, rC+ rN+}
   (Okawaru gifted it to you on level 6 of the Lair of Beasts)

   A truly terrible weapon, it drains the life of those it strikes.
   It protects you from cold.
   It protects you from negative energy.
Armour
 c - a +0 shield (worn)
 j - a +1 pair of gloves (worn)
 n - the +1 chain mail of Qineluowk (worn) {MR+ Str+4}
   (You found it on level 6 of the Lair of Beasts)

   It affects your strength (+4).
   It affects your resistance to hostile enchantments.
 C - a +2 cloak (worn)
 N - a +2 hat of intelligence (worn)
Jewellery
 b - an uncursed ring of wizardry
 B - a ring of protection from cold (right hand)
 D - a +5 amulet of reflection (around neck)
 U - a ring of magical power (left hand)
Wands
 m - a wand of teleportation (5/9)
 F - a wand of enslavement (9/24)
 K - a wand of teleportation (3/9)
 M - a wand of lightning (8/15)
 V - a wand of lightning (7/15)
 W - a wand of slowing (22/48)
Scrolls
 g - 3 scrolls of identify
 k - 6 scrolls of enchant weapon
 p - 7 scrolls of magic mapping
 q - 2 scrolls of amnesia
 r - 3 scrolls of enchant armour
 x - 2 scrolls of fog
 J - 4 scrolls of remove curse
 O - a scroll of teleportation
 T - a scroll of torment
 X - a scroll of holy word
Potions
 a - a potion of cure mutation
 e - a potion of agility
 l - 4 potions of curing
 o - 3 potions of magic
 w - 2 potions of haste
 E - 2 potions of might
 I - a potion of heal wounds
 P - 3 potions of flight
 Z - a potion of ambrosia
Books
 z - a book of Cantrips

   Spells                             Type                      Level
   a - Confusing Touch                Hexes                        1
   b - Animate Skeleton               Necromancy                   1
   c - Summon Small Mammal            Summoning                    1
   d - Apportation                    Translocation                1
 A - a book of Geomancy

   Spells                             Type                      Level
   a - Sandblast                      Earth                        1
   b - Passwall                       Transmutation/Earth          2
   c - Stone Arrow                    Conjuration/Earth            3
   d - Petrify                        Transmutation/Earth          4
   e - Lee's Rapid Deconstruction     Earth                        5
 Q - a book of Beasts

   Spells                             Type                      Level
   a - Summon Butterflies             Summoning                    1
   b - Call Canine Familiar           Summoning                    3
   c - Summon Ice Beast               Ice/Summoning                4
   d - Summon Mana Viper              Hexes/Summoning              5
   e - Summon Hydra                   Summoning                    7
 R - a book of Necromancy

   Spells                             Type                      Level
   a - Pain                           Necromancy                   1
   b - Animate Skeleton               Necromancy                   1
   c - Vampiric Draining              Necromancy                   3
   d - Regeneration                   Charms/Necromancy            3
   e - Animate Dead                   Necromancy                   4
   f - Control Undead                 Necromancy                   4
 S - a book of Frost

   Spells                             Type                      Level
   a - Freeze                         Ice                          1
   b - Throw Frost                    Conjuration/Ice              2
   c - Ozocubu's Armour               Charms/Ice                   3
   d - Throw Icicle                   Conjuration/Ice              4
   e - Summon Ice Beast               Ice/Summoning                4
Comestibles
 f - 6 meat rations
 h - 10 royal jellies
 i - 6 beef jerkies
 u - 3 slices of pizza


   Skills:
 + Level 11.7 Fighting
 + Level 4.1(9.4) Short Blades
 + Level 12.8(13.1) Long Blades
 + Level 2.0 Maces & Flails
 + Level 9.4 Armour
 + Level 5.6 Dodging
 + Level 3.0 Stealth
 + Level 12.5 Shields
 + Level 4.0 Invocations
 + Level 0.5 Evocations


You had 13 spell levels left.
You didn't know any spells.

Dungeon Overview and Level Annotations

Branches:
Dungeon (11/15)            Temple (1/1) D:5            Lair (6/6) D:10
 Shoals (0/4) Lair:4       Spider (0/4) Lair:2        Slime (0/5) Lair:6
    Orc (0/2) D:9

Altars:
Cheibriados
Elyvilon
Fedhas
Hepliaklqana
Nemelex Xobeh
Okawaru
Qazlal
Ru
Trog
Uskayaw
Vehumet
Xom
Zin
The Shining One
Jiyva

Annotations:
D:5 Prince Ribbit


Innate Abilities, Weirdness & Mutations

Your body is rotting away.
You thrive on raw meat.
You are immune to poison.
You have sharp fingernails.
You are carnivorous and can eat meat at any time.
Your flesh is cold resistant. (rC+)
You are immune to negative energy. (rN+++)
You regenerate slowly when monsters are visible.
You are immune to unholy pain and torment.
You can survive without breathing.


Message History

The six-headed hydra bites you.
* * * LOW HITPOINT WARNING * * *
Unknown command.
You hit the six-headed hydra but do no damage.
The six-headed hydra is almost dead.
The six-headed hydra bites you.
* * * LOW HITPOINT WARNING * * *
You block the six-headed hydra's attack. x2
The six-headed hydra bites you!
* * * LOW HITPOINT WARNING * * *
You block the six-headed hydra's attack.
The six-headed hydra bites you!
* * * LOW HITPOINT WARNING * * *
You barely miss the six-headed hydra.
The six-headed hydra is almost dead.
The six-headed hydra bites you.
* * * LOW HITPOINT WARNING * * *
The six-headed hydra bites you but does no damage.
The six-headed hydra bites you!
You die...

#### ......P.... #..P
.#........ ##...
.......... #.... ##
###......... ##...
#.P.#.#......... #..##
#.. ...............
##### .....#
.......D....... ###
#....# ##.. #.@.......
##.## ##....#
#..#####........ ##....
.....P## #.##..††.......
#.....
.......###..##..........
##.÷..
........................
#..##
........................
#...#
........................
##...
#..............P........
##..
##....P....#.PP.........
##.


You could see a six-headed hydra.

Vanquished Creatures
  Gastronok (Lair:2)
  Nessos (Lair:5)
  Harold (Lair:2)
  An anaconda (Lair:6)
  2 catoblepae (Lair:6)
  6 hydras
  6 death yaks (Lair:6)
  Urug (D:11)
  Pikel (D:6)
  4 hill giants
  2 ugly things (D:11)
  4 black mambas
  13 elephants
  Maurice (D:8)
  19 spiny frogs
  5 torpor snails
  11 komodo dragons
  A rime drake (Lair:3)
  3 trolls
  4 polar bears (Lair:3)
  Grinder (D:6)
  A hornet (D:8)
  17 blink frogs
  6 dream sheep (Lair:4)
  9 hippogriffs
  A snapping turtle (Lair:4)
  Sigmund (D:2)
  33 yaks
  A wyvern (Lair:2)
  A wraith (D:11)
  3 basilisks
  4 wargs (D:11)
  A soldier ant (D:7)
  A mottled dragon (D:11)
  8 water moccasins
  6 porcupines
  6 orc warriors
  2 black bears (Lair:3)
  4 sky beasts
  8 ice beasts
  An eye of draining (D:10)
  2 phantoms
  5 ogres
  6 centaurs
  15 crocodiles
  A big kobold (D:9)
  A gnoll sergeant (D:6)
  16 bullfrogs
  4 scorpions
  15 killer bees
  11 wights
  11 electric eels
  9 howler monkeys
  A centaur zombie (D:11)
  3 bullfrog zombies
  5 crimson imps
  A quasit (D:8)
  A bullfrog skeleton (D:8)
  7 orc priests
  2 hounds
  8 jellies
  3 centaur skeletons
  Natasha (D:1)
  3 iguanas
  Ijyb (D:2)
  17 orc wizards
  7 worker ants
  4 hell rats (Lair:2)
  A hound zombie (D:11)
  3 worker ant zombies
  5 gnolls (D:6)
  18 adders
  2 river rats
  A shadow imp (D:9)
  6 oozes
  An adder zombie (D:6)
  10 worms
  A dart slug (D:1)
  8 leopard geckos
  41 orcs
  10 giant cockroaches
  7 goblins
  8 hobgoblins
  17 jackals
  12 kobolds
  3 quokkas
  2 ball pythons
  5 bats
  2 frilled lizards (D:2)
  A leopard gecko skeleton (D:4)
  A leopard gecko zombie (D:5)
  7 rats
  A plant (D:8)
535 creatures vanquished.

Vanquished Creatures (others)
  5 centaurs (D:11)
  A bullfrog (D:6)
  A quokka (D:6)
  6 bushes
  5 fungi
  22 plants
40 creatures vanquished.

Grand Total: 575 creatures vanquished

Notes
Turn   | Place    | Note
-------+----------+-------------------------------------------
     0 | D:1      | Peloso the Ghoul Fighter began the quest for the Orb.
     0 | D:1      | Reached XP level 1. HP: 19/19 MP: 0/0
    74 | D:1      | Reached XP level 2. HP: 14/26 MP: 1/1
   362 | D:1      | Reached XP level 3. HP: 26/31 MP: 2/2
   621 | D:2      | Noticed Ijyb
   656 | D:2      | Killed Ijyb
   656 | D:2      | Reached XP level 4. HP: 29/40 MP: 3/3
   713 | D:2      | Noticed Sigmund
   738 | D:2      | Killed Sigmund
   738 | D:2      | Reached XP level 5. HP: 12/46 MP: 4/4
   738 | D:2      | Reached XP level 6. HP: 14/52 MP: 5/5
   861 | D:2      | Noticed Natasha
   879 | D:1      | Killed Natasha
  2820 | D:4      | Found a blossoming altar of Fedhas.
  3076 | D:4      | Reached skill level 1 in Dodging
  3076 | D:4      | Reached XP level 7. HP: 31/60 MP: 6/6
  3513 | D:4      | Reached skill level 5 in Long Blades
  3513 | D:4      | Reached skill level 1 in Stealth
  3945 | D:5      | Entered Level 5 of the Dungeon
  3987 | D:5      | Reached XP level 8. HP: 62/67 MP: 7/7
  4093 | D:5      | Found a sparkling altar of Nemelex Xobeh.
  4177 | D:5      | Found a staircase to the Ecumenical Temple.
  4186 | Temple   | Entered the Ecumenical Temple
  4207 | Temple   | Became a worshipper of Warmaster Okawaru
  4327 | D:5      | Noticed Prince Ribbit
  5208 | D:6      | Found a hazy altar of Hepliaklqana.
  5274 | D:6      | Noticed Pikel
  5304 | D:6      | Killed Pikel
  5304 | D:6      | Reached * piety under Okawaru
  5304 | D:6      | Reached skill level 5 in Fighting
  5304 | D:6      | Reached skill level 5 in Armour
  5304 | D:6      | Reached skill level 5 in Shields
  5661 | D:6      | Reached XP level 9. HP: 65/73 MP: 8/8
  5716 | D:6      | Noticed Grinder
  5725 | D:6      | Paralysed by Grinder for 4 turns
  5748 | D:6      | Killed Grinder
  5871 | D:6      | Reached ** piety under Okawaru
  6060 | D:7      | Reached skill level 1 in Short Blades
  7197 | D:7      | Found a stormy altar of Qazlal.
  7612 | D:8      | Reached *** piety under Okawaru
  7958 | D:8      | Noticed a hornet
  8053 | D:8      | Noticed Maurice
  8074 | D:8      | Reached XP level 10. HP: 76/84 MP: 7/9
  8155 | D:8      | Killed Maurice
  8155 | D:8      | Reached skill level 1 in Invocations
  8594 | D:8      | Noticed a hill giant
  8608 | D:8      | Killed a hill giant
  9143 | D:9      | Found a staircase to the Orcish Mines.
  9203 | D:9      | Got a scorched trident
  9204 | D:9      | Identified the +8 trident "Gram" {pierce, Int+3} (You found it on level 9 of the Dungeon)
  9267 | D:9      | Found a sacrificial altar of Ru.
  9271 | D:9      | Found a shimmering altar of Xom.
  9274 | D:9      | Found a hazy altar of Hepliaklqana.
  9391 | D:9      | Reached **** piety under Okawaru
  9441 | D:10     | Entered Level 10 of the Dungeon
  9446 | D:10     | Noticed a hill giant
  9587 | D:9      | Killed a hill giant
  9789 | D:10     | Reached XP level 11. HP: 34/92 MP: 8/11
 10302 | D:10     | Noticed a hill giant
 10600 | D:10     | Killed a hill giant
 11323 | D:9      | Reached ***** piety under Okawaru
 11456 | D:10     | Found a staircase to the Lair.
 13211 | D:10     | Reached skill level 5 in Dodging
 13557 | D:11     | Noticed a green ugly thing
 13581 | D:11     | Killed a green ugly thing
 13581 | D:11     | Reached XP level 12. HP: 89/103 MP: 5/12
 13935 | D:11     | Reached skill level 10 in Long Blades
 14043 | D:11     | Received a gift from Okawaru
 14114 | D:11     | Noticed Urug
 14149 | D:11     | Killed Urug
 14915 | Lair:1   | Entered Level 1 of the Lair of Beasts
 15835 | Lair:2   | Noticed an eight-headed hydra
 15851 | Lair:2   | Killed an eight-headed hydra
 16277 | Lair:2   | Noticed Harold
 16327 | Lair:2   | Killed Harold
 16396 | Lair:2   | Noticed Gastronok
 16426 | Lair:2   | Killed Gastronok
 16426 | Lair:2   | Reached skill level 10 in Shields
 16426 | Lair:2   | Reached XP level 13. HP: 111/113 MP: 8/14
 16624 | Lair:2   | Received a gift from Okawaru
 16624 | Lair:2   | Reached skill level 10 in Fighting
 16730 | Lair:2   | Found a hole to the Spider Nest.
 17880 | Lair:3   | Received a gift from Okawaru
 18957 | Lair:4   | Found a staircase to the Shoals.
 19082 | Lair:4   | Received a gift from Okawaru
 19093 | Lair:4   | Reached XP level 14. HP: 97/122 MP: 15/15
 19152 | Lair:4   | Found a snail-covered altar of Cheibriados.
 21187 | Lair:5   | Reached skill level 1 in Maces & Flails
 21331 | Lair:5   | Noticed Nessos
 21346 | Lair:5   | Killed Nessos
 21831 | Lair:6   | Entered Level 6 of the Lair of Beasts
 22265 | Lair:6   | Received a gift from Okawaru
 22296 | Lair:6   | Got an iridescent short sword {god gift}
 22297 | Lair:6   | Identified the +8 short sword "Fovi" {drain, rC+ rN+} (Okawaru gifted it to you on level 6 of the Lair of Beasts)
 22309 | Lair:6   | Got a translucent chain mail
 22320 | Lair:6   | Identified the +1 chain mail of Qineluowk {MR+ Str+4} (You found it on level 6 of the Lair of Beasts)
 22445 | Lair:6   | HP: 1/124 [death yak[a torpor snail] (11)]
 22541 | Lair:6   | Found a viscous altar of Jiyva.
 22541 | Lair:6   | Found a staircase to the Slime Pits.
 22631 | Lair:6   | HP: 5/125 [six-headed hydra (6)]
 22631 | Lair:6   | Mangled by a six-headed hydra

Skill      XL: |  1  2  3  4  5  6  7  8  9 10 11 12 13 14 |
---------------+-------------------------------------------+-----
Shields        | 3 4 5 6 8 10 11 12 | 12.5
Armour         | 3 5 6 7 8 9 |  9.4
Long Blades    | 2 3 4 5 6 7 8 9 11 12 | 12.8
Fighting       | 4 5 6 7 8 9 10 11 | 11.7
Dodging        | 1 2 3 4 5 |  5.6
Stealth        | 1 2 3 |  3.0
Short Blades   | 3 4 |  4.1
Invocations    | 2 3 4 |  4.0
Maces & Flails | 2 |  2.0
Evocations     | |  0.5

Action                   |  1- 3 |  4- 6 |  7- 9 | 10-12 | 13-15 || total
-------------------------+-------+-------+-------+-------+-------++-------
Melee: Long sword        |   119 |   293 |   269 |  1226 |  1081 ||  2988
       Short sword       |       |       |   401 |    85 |       ||   486
       Whip              |       |       |       |    10 |    93 ||   103
Invok: Heroism           |       |       |     7 |    38 |    29 ||    74
       Finesse           |       |       |       |     3 |       ||     3
Evoke: Wand              |       |       |       |     6 |     1 ||     7
  Use: Potion            |       |     1 |       |       |     2 ||     3
       Scroll            |       |       |    14 |     9 |     6 ||    29
  Eat: Chunk             |     1 |    13 |    35 |    57 |    75 ||   181
       Pizza             |       |       |       |     1 |       ||     1
Armor: Scale mail        |    68 |   132 |   262 |   198 |       ||   660
       Chain mail        |       |       |       |   104 |    36 ||   140
       Plate armour      |       |       |       |   145 |   507 ||   652
Dodge: Dodged            |    33 |    93 |   220 |   343 |   334 ||  1023
Block: Shield            |    60 |   155 |   284 |   920 |  1052 ||  2471
       Reflection        |       |       |       |    26 |     5 ||    31
       Rpst.: Long sword |     7 |    26 |    19 |    85 |    52 ||   189
